 Dungeon Crawl Stone Soup version 0.30-a0-618-gd6c86c23d0 (webtiles) character file.

Game seed: 7608565072641005074

57 bmack86 the Trooper (level 3, -5/33 HPs)
             Began as a Minotaur Fighter on Jan 10, 2023.
             Killed from afar by Sigmund (8 damage)
             ... with a puff of flame
             ... on level 2 of the Dungeon.
             The game lasted 00:04:07 (1634 turns).

bmack86 the Trooper (Minotaur Fighter)              Turns: 1634, Time: 00:04:07

Health: -5/33      AC: 10    Str: 22    XL:     3   Next: 73%
Magic:  2/2        EV:  7    Int:  5    God:
Gold:   175        SH:  4    Dex:  9    Spells: 2/2 levels left

rFire   . . .      SeeInvis .    a - +0 war axe
rCold   . . .      Faith    .    c - +0 buckler
rNeg    . . .      Spirit   .    n - +0 chain mail
rPois   .          Reflect  .    (helmet restricted)
rElec   .          Harm     .    (no cloak)
rCorr   .          Rampage  .    j - +0 pair of gloves
Will    .....                    (no boots) Stlth
                                 (no amulet)
HPRegen 0.25/turn                (no ring)
MPRegen 0.08/turn                (no ring)

@: no status effects
A: horns 2, retaliatory headbutt
a: no special abilities


You were on level 2 of the Dungeon.
You visited 1 branch of the dungeon, and saw 2 of its levels.

You collected 175 gold pieces.

Inventory:

Hand Weapons
 a - a +0 war axe (weapon)
 k - a +2 heavy war axe
Missiles
 l - 2 boomerangs (quivered)
 s - 2 throwing nets
Armour
 b - a +0 scale mail
 c - a +0 buckler (worn)
 j - a +0 pair of gloves (worn)
 n - a +0 chain mail (worn)
Scrolls
 h - a scroll of enchant weapon {unknown}
 m - a scroll of fear {unknown}
 o - a scroll of teleportation {unknown}
 p - a scroll of amnesia {unknown}
 q - a scroll of brand weapon {unknown}
 r - a scroll of identify
Potions
 d - 2 potions of might
 e - a potion of berserk rage
 f - a potion of brilliance
 i - a potion of magic


   Skills:
 * Level 4.2 Fighting
 * Level 3.6 Axes
 + Level 0.6 Throwing
 + Level 3.9 Armour
 + Level 4.1 Shields


You had 2 spell levels left.
You didn't know any spells.
Your spell library was empty.

Dungeon Overview and Level Annotations

Branches:
Dungeon (2/15)

Altars:
Nemelex Xobeh

Annotations:
D:2 Sigmund


Innate Abilities, Weirdness & Mutations

You have a pair of horns on your head.
You reflexively headbutt those who attack you in melee.


Message History

Sigmund mumbles some strange words.
Sigmund flickers and vanishes!
Deactivating autopickup; reactivate with Ctrl-A.
You hear some strange, mumbled words.
You are confused.
You bump into the rock wall.
You bump into the rock wall.
Something hits you! Something hits you but does no damage.
You bump into the rock wall.
You closely miss something.
You feel less confused. Something hits you.
You completely miss something. Your headbutt misses something.
Something hits you but does no damage.
You miss something. Your headbutt misses something.
You hear some strange, mumbled words.
A magic dart appears from out of thin air!
The magic dart hits you. Something hits you but does no damage.
You miss something. You miss something.
You hear some strange, mumbled words.
Something tries to affect you, but you resist.
Something hits you but does no damage.
You hit something. You closely miss something. Something hits you.
* * * LOW HITPOINT WARNING * * *
You barely miss something. Something hits you but does no damage.
You miss something. Something hits you!
* * * LOW HITPOINT WARNING * * *
You slash something!
You hear some strange, mumbled words.
A puff of flame appears from out of thin air!
You block the puff of flame.
You barely miss something. Your headbutt misses something.
Something hits you but does no damage.
You barely miss something.
You hear some strange, mumbled words.
A puff of flame appears from out of thin air!
The puff of flame hits you!
You die...

♣♣# ≈P♣ ~P♣♣ ~~~♣ ..P♣ ...# ..)#
##♣############### ...#
#~~~......@{.....# ..##
♣~~~♣###########.#
#.####♣~~~♣### #######.#
#.))..P~~P♣♣.###⌠#⌠#⌠#.#
#.....~~~~~♣......_....#
..P...~~~~P~..##⌠#⌠#⌠#.#########
.♣P~..~~~≈P~..'#######.>........
♣♣~~..~~~≈≈~~##......#..########
♣~~....~~≈≈≈~♣#.(....#....#


There were no monsters in sight!

Vanquished Creatures
  A gnoll (D:1)
  A worm (D:2)
  3 ball pythons
  A bat (D:1)
  An endoplasm (D:2)
  5 giant cockroaches
  3 hobgoblins (D:2)
  8 jackals
  3 quokkas
  2 frilled lizards
  3 goblins
  4 kobolds
  5 rats
40 creatures vanquished.

Vanquished Creatures (others)
  3 fungi (D:1)
  11 plants (D:2)
  3 toadstools (D:1)
17 creatures vanquished.

Grand Total: 57 creatures vanquished

Notes
Turn   | Place    | Note
-------+----------+-------------------------------------------
     0 | D:1      | bmack86 the Minotaur Fighter began the quest for the Orb.
     0 | D:1      | Reached XP level 1. HP: 19/19 MP: 0/0
    60 | D:1      | Reached XP level 2. HP: 6/27 MP: 1/1
   829 | D:2      | Reached XP level 3. HP: 33/33 MP: 2/2
   985 | D:2      | Identified the +0 leather armour of Courage {rF+ Str+6}
   998 | D:2      | Found a sparkling altar of Nemelex Xobeh.
  1017 | D:2      | Found a faded altar of an unknown god.
  1610 | D:2      | Noticed Sigmund
  1634 | D:2      | Killed from afar by Sigmund

Illustrated notes

Levels and vault maps discovered:
D:1:      dpeg_arrival_leaves_temple_mockup, layout_basic,
          minmay_gold_behind_fungi
D:2:      layout_basic, serial_bayou, serial_bayou_shore_b, serial_bayou_pond_d,
          serial_bayou_pond_e, serial_bayou_crossing, serial_bayou_lagoon_b,
          serial_bayou_ford_a, basic_altar, ebering_ecumenical_altar_hall,
          uniq_sigmund

Skill      XL: |  1  2  3 |
---------------+----------+-----
Axes           | 3 |  3.6
Fighting       | 4 |  4.2
Shields        | 4 |  4.1
Throwing       | |  0.6
Armour         | |  3.9

Action                   || total
-------------------------++-------
Melee: War axe           ||   101
       Headbutt          ||    10
Throw: Boomerang         ||     2
  Use: Scroll            ||     3
Armor: Scale mail        ||    43
       Chain mail        ||    17
Dodge: Dodged            ||    46
Block: Buckler           ||    26

Table legend: (Time is in decaauts)
 A = Elapsed time spent in this place.
 B = Non-inter-level travel time spent in this place.
 C = Inter-level travel time spent in this place.
 D = Time resting spent in this place.
 E = Time spent auto-exploring this place.
 F = Levels seen in this place.
 G = Mean time per level.
                   A        B        C        D        E       F      G
               +--------+--------+--------+--------+--------+-----+--------+
         Total |   1694 |   1682 |     12 |      0 |   1204 |   2 |  847.0 |
       Dungeon |   1694 |   1682 |     12 |      0 |   1204 |   2 |  847.0 |
               +--------+--------+--------+--------+--------+-----+--------+

Top non-repeatable levels by time:
     D:2: 853 daAuts
     D:1: 841 daAuts
